 Dungeon Crawl Stone Soup version 0.30-a0-964-gd452b5e7fa (webtiles) character file.

Game seed: 4812156595905006902

3813 kae the Transmogrifier (level 9, -1/74 HPs)
             Began as a Demonspawn Transmuter on Mar 30, 2023.
             Was a Priest of Ru.
             Slain by an ogre
             ... wielding a +0 halberd
              (5 damage)
             ... in a bailey.
             The game lasted 00:09:29 (9937 turns).

kae the Transmogrifier (Demonspawn Transmuter)      Turns: 9937, Time: 00:09:30

Health: -1/74      AC:  8    Str: 12    XL:     9   Next: 97%
Magic:  0/17       EV: 10    Int: 18    God:    Ru [***...]
Gold:   444        SH:  4    Dex: 17    Spells: 8/18 levels left

rFire   x . .      SeeInvis +    b - melded +3 dagger (venom)
rCold   + + +      Faith    .    (shield currently unavailable)
rNeg    . . .      Spirit   +    a - melded +0 robe
rPois   +          Reflect  .    i - melded +2 helmet
rElec   .          Rampage  .    y - melded +2 cloak
rCorr   .                        (gloves currently unavailable)
Will    +....                    w - melded +0 pair of boots
Stlth   ++++                     G - amulet of guardian spirit
HPRegen 0.32/turn                v - ring of see invisible
MPRegen 0.15/turn                j - ring of willpower

@: ice-form, wereblooded
A: freezing attack, amphibious, boosted hp, large, (hooves 2), thin skeletal
structure 2, inability to use devices, inability to train armour, condensation
shield
a: End Transformation, Renounce Religion, Draw Out Power


You were in a bailey.
You worshipped Ru.
Ru was most pleased with you.
You were a creature of crystalline ice.
You visited 2 branches of the dungeon, and saw 9 of its levels.
You also visited: Bailey.

You collected 444 gold pieces.


Innate Abilities, Weirdness & Mutations

You are a creature of crystalline ice.
You have a powerful freezing melee attack.
You are amphibious.
Your maximum health is increased.
Your armour is entirely melded.
You are incapable of wielding weapons or throwing items.
((You have hoof-like feet.))
You have a moderately thin skeletal structure. (Dex +4, Stealth++)
You cannot study or use magical devices.
You cannot train Armour skill.
A meltable shield of frost defends you. (SH +4)


   Skills:
 + Level 2.5 Fighting
 - Level 1.7 Dodging
 * Level 6.6 Unarmed Combat
 - Level 5.4 Spellcasting
 - Level 8.0 Transmutations
 - Level 6.2 Ice Magic
 - Level 2.0 Poison Magic


You had 8 spell levels left.
You knew the following spells:

 Your Spells              Type           Power      Damage    Failure   Level
a - Beastly Appendage     Tmut           66%        N/A       1%          1
b - Wereblood             Tmut           33%        N/A       1%          2
c - Spider Form           Tmut/Pois      22%        N/A       4%          3
d - Ice Form              Ice/Tmut       30%        N/A       7%          4

Your spell library contained the following spells:

 Spells                   Type           Power      Damage    Failure   Level
 Poisonous Vapours        Pois/Air       16%        N/A       13%         2
 Cigotuvi's Dreadful Rot  Necr/Pois/Air  14%        N/A       14%         2
 Mephitic Cloud           Conj/Pois/Air  7%         N/A       28%         3
 Call Canine Familiar     Summ           4%         N/A       36%         3
 Gell's Gravitas          Tloc           4%         N/A       36%         3
 Portal Projectile        Hex/Tloc       8%         N/A       36%         3
 Teleport Other           Tloc           4%         N/A       36%         3
 Leda's Liquefaction      Hex/Erth       2%         N/A       77%         4
 Dispersal                Tloc           2%         N/A       100%        6

Inventory:

Hand Weapons
 b - a +3 dagger of venom (melded)
   (You took it off a goblin on level 1 of the Dungeon)
Missiles
 g - 47 stones
 h - 6 silver javelins
 o - a throwing net {=f!f}
 s - 11 poisoned darts
Armour
 a - a +0 robe (melded)
 i - a +2 helmet (melded)
   (You found it on level 1 of the Dungeon)
 w - a +0 pair of boots (melded)
   (You found it on level 5 of the Dungeon)
 y - a +2 cloak (melded)
   (You took it off Crazy Yiuf on level 5 of the Dungeon)
Jewellery
 j - a ring of willpower (right front paw)
   (You found it on level 1 of the Dungeon)
 v - a ring of see invisible (left front paw)
   (You found it on level 6 of the Dungeon)
 A - an amulet of reflection
   (You found it on level 6 of the Dungeon)
 G - an amulet of guardian spirit (around neck)
   (You found it on level 5 of the Dungeon)
 W - a ring of magical power
   (You found it on level 1 of the Dungeon)
Wands
 e - a wand of roots (5)
   (You took it off Robin on level 3 of the Dungeon)
 x - a wand of light (8)
   (You took it off Pikel on level 7 of the Dungeon)
Scrolls
 d - 2 scrolls of silence {!r}
 k - a scroll of immolation {!r!r}
 l - a scroll of poison {!r}
 p - 3 scrolls of teleportation {@r4}
 B - a scroll of enchant weapon
Potions
 c - 2 potions of flight
 f - a potion of curing {@q1}
 m - a potion of magic {unknown}
 n - 5 potions of lignification {!q}
 q - 3 potions of might
 r - 2 potions of haste {@q3}
 t - a potion of heal wounds {@q2}
 u - a potion of invisibility
 z - 2 potions of mutation {unknown}

Dungeon Overview and Level Annotations

Branches:
Dungeon (8/15) Zot: 26919  Temple (1/1) D:4 Zot: 5714  Bailey (1/1) Zot: 5979
   Lair: D:8-11

Altars:
Ashenzari
Cheibriados
Dithmenos
Fedhas
Gozag
Hepliaklqana
Kikubaaqudgha
Makhleb
Nemelex Xobeh
Okawaru
Qazlal
Ru
Sif Muna
Trog
Uskayaw
Vehumet
Wu Jian
Xom
Yredelemnul

Shops:
D:1 (   D:5 *[

Annotations:
D:5 exclusion: ogre
D:7 1 runed translucent door, exclusion: cyclops, HoaS's ghost, weakling FoHu

..#♣####♣.
........
.......
#~~~~~#
#~~~~~#
###~~~O~###
##.....Oi..##
#......Y....##
....∩...∩....#
#.......)...##
##.........##
###.....###
#######


You could see 2 ogres and a spriggan.


Message History

The goblin is stunned by your conviction and fails to attack. 😕 HP[+3]
You regained 3 hp, and now have 66/73 hp.
You punch the goblin! You freeze the goblin.
You feel a bit better.
You kill the goblin!
You punch the wight! The wight barely misses you.
The goblin hits you but does no damage. 😕 HP[+2]
You regained 2 hp, and now have 68/73 hp.
You punch the wight!
You feel a bit better.
You destroy the wight!
The goblin barely misses you.
Items here: ))) [[. 😕 HP[+3]
You now have 74 max hp (+1).
You regained 3 hp, and now have 71/74 hp.
You punch the goblin! You freeze the goblin.
You feel a bit better.
You kill the goblin!
You punch the wight!
You redirect the wight's attack!
The wight hits itself with a +0 dire flail!
The wight is destroyed! 😕 HP[+1] MP[+1] No target in view!
No target in view!
No target in view!
No target in view!
Items here: ))) [ ††. 😕 HP[+1]
Your primal bloodlust is almost over.
You enter the shallow water.
You howl as the wereblood boils in your veins! 😎 HP[+1]
Your hp is fully restored (74).
There is a flagged portal here.
The world spins around you as you enter the gateway.
You enter a bailey!
Found a gate leading back out of this place.
There is an empty arch of ancient stone here. 😎 MP[+1] Unknown command.
Your primal bloodlust has ended.
You hear a shout!
An ogre comes into view. It is wielding a +0 halberd.
An ogre is nearby!
Unknown command.
An ogre is nearby!
Casting: Wereblood (safe; 1% risk of failure)
Confirm with . or Enter, or press ? or * to list all spells.
You extend your transformation's duration.
An ogre comes into view. It is wielding a +0 halberd. 😎 MP[-4]
You lost 4 mp, and now have 5/17 mp. 😎 MP[+1]
Casting: Ice Form (dangerous; 7% risk of failure)
Confirm with . or Enter, or press ? or * to list all spells.
Your blood is infused with primal strength. 😎 MP[-2]
You lost 2 mp, and now have 4/17 mp.
The ogre hits you with a +0 halberd! 😕 HP[-15] MP[-1]
You take 15 damage, and now have 59/74 hp.
MASSIVE DAMAGE!! (PAUSE)
You lost 1 mp, and now have 3/17 mp.
The ogre shouts!
You pummel the ogre!! You freeze the ogre!
You hear a shout!
A spriggan comes into view. It is wielding a +0 spear. 😕 MP[+1]
You punch the ogre! You freeze the ogre.
You feel a bit better.
You kill the ogre! 😕 HP[+4]
You regained 4 hp, and now have 63/74 hp.
Unknown command.
Things that are here:
a +0 halberd; an ogre corpse An ogre comes into view.
It is wielding a +0 halberd.
The ogre hits you from afar with a +0 halberd! 😕 HP[-6] MP[-1]
You take 6 damage, and now have 57/74 hp.
You lost 1 mp, and now have 3/17 mp.
You block the spriggan's attack. You block the ogre's attack.
Unknown command.
You hit the ogre. You freeze the ogre.
The spriggan hits you with a +0 spear! 😮 HP[-15]
You take 15 damage, and now have 42/74 hp.
MASSIVE DAMAGE!! (PAUSE)
You hit the ogre. You freeze the ogre. The spriggan hits you with a +0 spear!
* * * LOW HITPOINT WARNING * * *
The ogre hits you with a +0 halberd!
* * * LOW HITPOINT WARNING * * *
😨 HP[-22] MP[-1]
You take 22 damage, and now have 20/74 hp.
MASSIVE DAMAGE!! (PAUSE)
You lost 1 mp, and now have 2/17 mp.
You hit the ogre. You freeze the ogre. The spriggan barely misses you.
The ogre hits you from afar with a +0 halberd!!
* * * LOW HITPOINT WARNING * * *
The ogre hits you with a +0 halberd.
You die...

Skill      XL: |  1  2  3  4  5  6  7  8  9 |
---------------+----------------------------+-----
Transmutations | 2 3 4 5 6 8 |  8.0
Unarmed Combat | 3 4 5 6 |  6.6
Poison Magic   | 1 2 |  2.0
Spellcasting   | 3 4 5 |  5.4
Ice Magic      | 2 3 5 6 |  6.2
Fighting       | 2 |  2.5
Dodging        | |  1.7

Action                     |  1- 3 |  4- 6 |  7- 9 || total
---------------------------+-------+-------+-------++-------
  Melee: Unarmed           |    57 |   130 |   272 ||   459
         Kick              |    13 |    11 |       ||    24
         Headbutt          |     6 |     4 |       ||    10
         Punch             |     1 |       |       ||     1
         Dagger            |    18 |    34 |     3 ||    55
   Cast: Beastly Appendage |    18 |    11 |       ||    29
         Spider Form       |     2 |    23 |    17 ||    42
         Wereblood         |       |     1 |     9 ||    10
         Ice Form          |       |       |    21 ||    21
 Invoke: Sacrifice Durabil |       |     1 |       ||     1
         Sacrifice Artific |       |       |     1 ||     1
Ability: End Transformatio |       |       |     2 ||     2
    Use: Scroll            |     4 |    11 |     5 ||    20
         Potion            |     1 |     1 |       ||     2
   Stab: Sleeping          |     2 |     4 |     3 ||     9
         Distracted        |       |       |     2 ||     2
         Invisible         |       |       |     1 ||     1
 Armour: Robe              |    11 |     7 |     3 ||    21
         Skin              |     1 |    12 |    67 ||    80
  Dodge: Dodged            |    52 |   150 |   149 ||   351
  Block: Other             |       |    30 |    39 ||    69

Levels and vault maps discovered:
D:1:      dpeg_arrival_rooms_with_view, layout_loops_ring, serial_shops,
          nicolae_shop_hallway_plus, kennysheep_decorative_pillar,
          minmay_pentomino_z2
D:2:      layout_loops_ring, basic_altar, minmay_misc_feat_five,
          grunt_ministairs_14, uniq_natasha
D:3:      layout_basic, uniq_robin
D:4:      layout_loops_corners, minmay_temple_entry_statues_pillars
D:5:      layout_layer_cave, portal_sewer_entry_b, serial_shops, shop, shop,
          amcnicky_mini_pool_medium, uniq_crazy_yiuf_cottage
D:6:      layout_basic, grunt_temple_overflow_open, minmay_misc_feat_pillars,
          corexii_hall_statues_u, kennysheep_dice
D:7:      minmay_the_grid_triangle_9x9_rhombus_full
          [minmay_the_grid_triangle_9x9_longest,
          minmay_the_grid_triangle_9x9_zippers_vertical,
          minmay_the_grid_triangle_9x9_intruding_spiral,
          minmay_the_grid_triangle_9x9_warning,
          minmay_the_grid_triangle_9x9_minimal,
          minmay_the_grid_triangle_9x9_impossible_snake,
          minmay_the_grid_triangle_9x9_corruption,
          minmay_the_grid_triangle_9x9_prize_insulated], layout_basic,
          ebering_ghost_xom, uniq_pikel, uniq_duvessa
D:8:      layout_loops_ring, enter_bailey_5, gammafunk_ghost_nasty_kobolds
Temple:   mainiacjoe_temple_bowtie_tessellation
Bailey:   bailey_polearm_enchanted_keep_hellmonk, bailey

Notes
Turn   | Place    | Note
-------+----------+-------------------------------------------
     0 | D:1      | kae the Demonspawn Transmuter began the quest for the Orb.
     0 | D:1      | Reached XP level 1. HP: 15/15 MP: 3/3
     0 | D:1      | magus.rc [v1.11.3]
    32 | D:1      | You pick up a book of Vapours and begin reading...
    32 | D:1      | You add the spells Poisonous Vapours, Cigotuvi's Dreadful
                  | Rot and Mephitic Cloud to your library.
   149 | D:1      | Reached skill level 2 in Transmutations
   255 | D:1      | Found Buzoxozetu's Antique Weapon Shop.
   555 | D:1      | Lost mutation: You have razor-sharp toenails. [demonic
                  | ancestry]
   555 | D:1      | Lost mutation: You have sharp toenails. [demonic ancestry]
   555 | D:1      | Gained mutation: You have large cloven feet. [demonic
                  | ancestry]
   555 | D:1      | Reached XP level 2. HP: 19/21 MP: 5/5
   931 | D:2      | Noticed Natasha
   936 | D:2      | HP: 4/21 [Natasha/magic dart (11)]
   939 | D:2      | Noticed a crimson imp
  1006 | D:1      | Learned a level 2 spell: Wereblood
  1047 | D:1      | HP: 7/31 [poisoned by a goblin]
  1206 | D:2      | Reached skill level 3 in Unarmed Combat
  1318 | D:2      | Lost mutation: You have razor-sharp toenails. [demonic
                  | ancestry]
  1318 | D:2      | Lost mutation: You have sharp toenails. [demonic ancestry]
  1318 | D:2      | Gained mutation: You have hoof-like feet. [demonic
                  | ancestry]
  1318 | D:2      | Reached XP level 3. HP: 23/26 MP: 6/6
  1322 | D:2      | Learned a level 3 spell: Spider Form
  1433 | D:2      | HP: 5/26 [gnoll/+0 spear (9)]
  1435 | D:2      | Reached skill level 1 in Poison Magic
  1435 | D:2      | Gained mutation: You have a somewhat thin skeletal
                  | structure. (Dex +2, Stealth+) [demonic ancestry]
  1435 | D:2      | Reached XP level 4. HP: 7/32 MP: 7/7
  1572 | D:2      | You pick up a book of the Hunter and begin reading...
  1572 | D:2      | You add the spells Call Canine Familiar, Portal Projectile
                  | and Leda's Liquefaction to your library.
  1621 | D:2      | Reached skill level 3 in Transmutations
  2102 | D:3      | You fall into a shaft and drop 2 floors!
  2102 | D:5      | Entered Level 5 of the Dungeon
  2189 | D:5      | Noticed an ogre
  2218 | D:5      | Noticed a scorpion
  2322 | D:4      | Reached skill level 2 in Poison Magic
  2322 | D:4      | Gained mutation: A meltable shield of frost defends you.
                  | (SH +4) [demonic ancestry]
  2322 | D:4      | Reached XP level 5. HP: 37/37 MP: 9/9
  2575 | D:4      | Found a staircase to the Ecumenical Temple.
  2587 | Temple   | Entered the Ecumenical Temple
  2845 | Temple   | Became a worshipper of Ru the Awakened
  3100 | D:3      | HP: 4/37 [iguana (7)]
  3251 | D:3      | Reached skill level 3 in Spellcasting
  3272 | D:3      | Learned a level 4 spell: Ice Form
  3304 | D:3      | Noticed Robin
  3653 | D:2      | Killed Natasha
  3731 | D:2      | Noticed Natasha
  3738 | D:2      | Killed Natasha
  3791 | D:2      | Noticed Natasha
  3805 | D:2      | Killed Natasha
  3806 | D:2      | Reached XP level 6. HP: 30/43 MP: 10/10
  4115 | D:2      | Reached skill level 1 in Ice Magic
  4378 | D:3      | Killed Robin
  4379 | D:3      | Reached skill level 4 in Transmutations
  5110 | D:4      | Gained mutation: You cannot train Armour skill. [Ru
                  | sacrifice]
  5110 | D:4      | Reached * piety under Ru
  5180 | D:5      | Noticed an ice beast
  5277 | D:5      | Killed an ice beast
  5278 | D:5      | Reached skill level 2 in Ice Magic
  5434 | D:5      | Reached skill level 4 in Unarmed Combat
  5434 | D:5      | Gained mutation: You have a moderately thin skeletal
                  | structure. (Dex +4, Stealth++) [demonic ancestry]
  5434 | D:5      | Reached XP level 7. HP: 48/48 MP: 12/12
  5668 | D:5      | Found Ruqoq's Armour Shop.
  5711 | D:5      | Found Ciris's Assorted Antiques.
  5890 | D:5      | Reached skill level 3 in Ice Magic
  5954 | D:5      | Reached skill level 5 in Transmutations
  6496 | D:5      | Found a runed translucent door.
  6497 | D:5      | Noticed Crazy Yiuf
  6925 | D:5      | Killed Crazy Yiuf
  6926 | D:5      | Reached skill level 4 in Spellcasting
  6926 | D:5      | Reached XP level 8. HP: 54/54 MP: 13/14
  7200 | D:6      | Reached skill level 4 in Ice Magic
  7236 | D:6      | HP: 13/64 [gnoll sergeant/+0 trident (12)]
  7456 | D:6      | You add the spells Gell's Gravitas, Teleport Other and
                  | Dispersal to your library.
  7506 | D:6      | Found a shimmering altar of Xom.
  7507 | D:6      | Found a bloodstained altar of Trog.
  7507 | D:6      | Found a radiant altar of Vehumet.
  7566 | D:6      | Reached skill level 6 in Transmutations
  7756 | D:6      | Reached skill level 5 in Unarmed Combat
  7764 | D:6      | Reached skill level 5 in Ice Magic
  8167 | D:6      | Gained mutation: You cannot study or use magical devices.
                  | [Ru sacrifice]
  8167 | D:6      | Reached ** piety under Ru
  8167 | D:6      | Reached *** piety under Ru
  8345 | D:6      | Reached XP level 9. HP: 59/59 MP: 4/16
  8573 | D:7      | Reached skill level 5 in Spellcasting
  8771 | D:7      | Noticed Pikel
  9002 | D:7      | Killed Pikel
  9003 | D:7      | Reached skill level 7 in Transmutations
  9003 | D:7      | Reached skill level 6 in Ice Magic
  9077 | D:7      | Noticed a cyclops
  9237 | D:7      | Noticed Duvessa
  9240 | D:7      | Noticed Dowan
  9247 | D:7      | Killed Duvessa
  9268 | D:7      | Killed Dowan
  9412 | D:7      | Reached skill level 6 in Unarmed Combat
  9590 | D:7      | Found a runed translucent door.
  9600 | D:7      | Found a shimmering altar of Xom.
  9600 | D:7      | Noticed HoaS's ghost (weakling FoHu)
  9600 | D:7      | Noticed a +2 whip of chaos
  9873 | D:8      | Reached skill level 2 in Fighting
  9887 | D:8      | Found a flagged portal.
  9899 | D:8      | Reached skill level 8 in Transmutations
  9917 | Bailey   | Entered a bailey
  9937 | Bailey   | HP: 4/74 [ogre/+0 halberd (16)]
  9937 | Bailey   | Slain by an ogre

Vanquished Creatures
  Pikel (D:7)
  2 wyverns
  A steam dragon (D:6)
  Duvessa (D:7)
  An orc warrior (D:5)
  A sky beast (D:6)
  2 ice beasts
  A black bear (D:6)
  4 ogres
  3 lemures
  A kobold brigand (D:8)
  2 bullfrogs
  2 gnoll sergeants
  4 scorpions
  2 wights (D:8)
  Dowan (D:7)
  9 killer bees (D:7)
  5 hounds
  2 jellies
  An orc priest (D:6)
  Crazy Yiuf (D:5)
  2 sleepcaps (D:6)
  Natasha (thrice) (D:2)
  2 orc wizards
  5 iguanas
  Robin (D:3)
  15 gnolls
  A river rat (D:5)
  8 adders
  2 shadow imps
  3 ufetubi
  3 worms
  2 dart slugs
  4 orcs
  10 endoplasms
  13 goblins
  8 hobgoblins
  3 jackals (D:1)
  10 kobolds
  2 quokkas
  6 ball pythons
  8 bats
  5 frilled lizards
  3 rats
166 creatures vanquished.

Vanquished Creatures (others)
  A wight (D:8)
1 creature vanquished.

Grand Total: 167 creatures vanquished

Table legend:
 A = Non-vault XP
 B = Vault XP
 C = Vault XP percentage of total XP
 D = Non-vault monster count
 E = Vault monster count
 F = Vault count percentage of total count
                 A         B        C        D         E       F
            +---------+---------+-------+---------+---------+-------
      Total |    4111 |    1337 |  24.5 |     131 |      33 |  20.1
            +---------+---------+-------+---------+---------+-------
        D:1 |      22 |       6 |  21.4 |      11 |       4 |  26.7
        D:2 |     168 |      56 |  25.0 |      23 |      12 |  34.3
        D:3 |      96 |      15 |  13.5 |      18 |       1 |   5.3
        D:4 |     147 |       0 |   0.0 |       7 |       0 |   0.0
        D:5 |     658 |     269 |  29.0 |      15 |       7 |  31.8
        D:6 |    1431 |      13 |   0.9 |      23 |       1 |   4.2
        D:7 |     971 |     849 |  46.6 |      18 |       3 |  14.3
        D:8 |     618 |       8 |   1.3 |      16 |       4 |  20.0
     Bailey |       0 |     121 | 100.0 |       0 |       1 | 100.0
            +---------+---------+-------+---------+---------+-------

Illustrated notes

Table legend:
 A = Kills in this place as a percentage of kills in the entire game.
 B = Kills by you in this place as a percentage of kills by you in the entire game.
 C = Kills by friends in this place as a percentage of kills by friends in the entire game.
 D = Other kills in this place as a percentage of other kills in the entire game.
 E = Experience gained in this place as a percentage of experience gained in the entire game.
 F = Experience gained in this place divided by the number of levels of this place that you have seen.
                   A       B       C       D       E      F
               +-------+-------+-------+-------+-------+----------------------
         Total | 100.0 | 100.0 |   N/A | 100.0 | 100.0 | 544.8
       Dungeon |  99.4 |  99.4 |   N/A | 100.0 |  97.8 | 665.9
        Bailey |   0.6 |   0.6 |   N/A |   0.0 |   2.2 | 121.0
               +-------+-------+-------+-------+-------+----------------------

Table legend: (Time is in decaauts)
 A = Elapsed time spent in this place.
 B = Non-inter-level travel time spent in this place.
 C = Inter-level travel time spent in this place.
 D = Time resting spent in this place.
 E = Time spent auto-exploring this place.
 F = Levels seen in this place.
 G = Mean time per level.
                   A        B        C        D        E       F      G
               +--------+--------+--------+--------+--------+-----+--------+
         Total |   9917 |   9616 |    301 |    686 |   7438 |  10 |  991.7 |
       Dungeon |   9612 |   9366 |    246 |    686 |   7217 |   8 | 1201.5 |
        Temple |    285 |    230 |     55 |      0 |    219 |   1 |  285.0 |
        Bailey |     19 |     19 |      0 |      0 |      2 |   1 |   19.0 |
               +--------+--------+--------+--------+--------+-----+--------+

Top non-repeatable levels by time:
     D:5: 2043 daAuts
     D:2: 1973 daAuts
     D:6: 1521 daAuts
     D:7: 1126 daAuts
     D:1: 1106 daAuts
     D:4: 1033 daAuts
     D:3: 726 daAuts
  Temple: 285 daAuts
     D:8: 80 daAuts
  Bailey: 19 daAuts
